 Dungeon Crawl Stone Soup version 0.17.0-26-gececa24 (console) character file.

38 gw the Grasshopper (level 3, 0/24 HPs)
             Began as a Halfling Warper on Nov 19, 2015.
             Succumbed to an adder's poison
             ... on level 2 of the Dungeon.
             The game lasted 00:01:28 (1537 turns).

gw the Grasshopper (Halfling Warper)                Turns: 1537, Time: 00:01:28

Health: 0/24       AC:  8    Str: 11    XL:     3   Next: 65%
Magic:  6/6        EV: 14    Int: 13    God:
Gold:   76         SH:  0    Dex: 13    Spells: 2 memorised, 2 levels left

rFire  . . .     SeeInvis .     a - +0 short sword
rCold  . . .     Clarity  .     b - +0 leather armour
rNeg   . . .     SustAt   .     (shield restricted)
rPois  .         Gourm    .     (no helmet)
rElec  .         Spirit   .     t - +0 cloak
rCorr  .         Warding  .     (no gloves)
rMut   .         Stasis   .     (no boots)
MR     .....                    (no amulet)
Stlth  +.........               s - +4 ring of protection
                                (no ring)

@: lethally poisoned (0 -> -5), starving, not resistant to hostile enchantments,
very unstealthy
A: mutation resistance 1
a: no special abilities


You were on level 2 of the Dungeon.
You were starving.

You visited 1 branch of the dungeon, and saw 2 of its levels.

You collected 76 gold pieces.

Inventory:

Hand Weapons
 a - a +0 short sword (weapon)
Missiles
 n - 25 stones (quivered)
 q - 18 poisoned sling bullets
Armour
 b - a +0 leather armour (worn)
 t - a +0 cloak (worn)
Jewellery
 s - a +4 ring of protection (right hand)
Scrolls
 d - a scroll of blinking
 k - 3 scrolls of remove curse
 o - a scroll of identify
Books
 c - a book of Spatial Translocations

   Spells                             Type                      Level
   a - Apportation                    Translocation                1
   b - Blink                          Translocation                2
   c - Shroud of Golubria             Charms/Translocation         2
   d - Portal Projectile              Translocation                3
   e - Teleport Other                 Translocation                3
   f - Passage of Golubria            Translocation                4
Comestibles
 f - 2 bread rations
 l - a meat ration


   Skills:
 + Level 2.0 Fighting
 - Level 2.6 Short Blades
 - Level 1.1 Throwing
 + Level 1.5 Armour
 - Level 2.1 Dodging
 * Level 2.3 Spellcasting
 + Level 3.6 Translocations


You had 2 spell levels left.
You knew the following spells:

 Your Spells              Type           Power        Failure   Level  Hunger
b - Blink                 Tloc           N/A          12%         2    ###....
c - Shroud of Golubria    Chrm/Tloc      #.........   28%         2    ###....


Dungeon Overview and Level Annotations

Branches:
Dungeon (2/15)

Altars:


Innate Abilities, Weirdness & Mutations

You are small and have problems with some larger weapons.
You are somewhat resistant to further mutation.


Message History

You swing at nothing.
You feel sick.
Attempting RANGED ATTACK TO (1,2); ATTACKING (0,1)
You swing at nothing.
ATTACKING (0,1)
You hit the rat.
You kill the rat!
You feel sick.
ATTACK MOVE TO (0,-1)
You feel sick.
ATTACK MOVE TO (0,-1) ATTACK MOVE TO (0,-1)
You feel sick.
You see here a giant newt corpse.
ATTACK MOVE TO (0,-1) ATTACK MOVE TO (-1,-1) ATTACK MOVE TO (-1,1)
You feel sick.
ATTACK MOVE TO (1,0) ATTACK MOVE TO (1,-1)
You die...

<$...#....#
#.#.....#
#.#..<..#
#.#.#.#.# ##
#.#...# #
...##.)...#.###
...............
##.##..........
# ##.p#.##$###
#...#.# .#
#.#%#.# .
#.#.#.# #
#.#.#.# #.#%#.#
..#%#.# .....
#.#...


There were no monsters in sight!

Table legend:
 A = Turns spent in this place as a percentage of turns spent in the entire game.
 B = Non-inter-level travel turns spent in this place as a percentage of non-inter-level travel turns spent in the entire game.
 C = Inter-level travel turns spent in this place as a percentage of turns spent in this place.
 D = Turns resting spent in this place as a percentage of non-inter-level travel turns spent in this place.
 E = Turns spent auto-exploring this place as a percentage of non-inter-level travel turns spent in this place.
 F = Non-inter-level travel turns spent in this place divided by the number of levels of this place that you've seen.
                   A       B       C       D       E      F
               +-------+-------+-------+-------+-------+----------------------
         Total | 100.0 | 100.0 |   0.5 |   0.8 |   1.6 | 1322.5
       Dungeon | 100.0 | 100.0 |   0.5 |   0.8 |   1.6 | 1322.5
               +-------+-------+-------+-------+-------+----------------------

Table legend:
 A = Kills in this place as a percentage of kills in entire the game.
 B = Kills by you in this place as a percentage of kills by you in the entire game.
 C = Kills by friends in this place as a percentage of kills by friends in the entire game.
 D = Other kills in this place as a percentage of other kills in the entire game.
 E = Experience gained in this place as a percentage of experience gained in the entire game.
 F = Experience gained in this place divided by the number of levels of this place that you have seen.
                   A       B       C       D       E      F
               +-------+-------+-------+-------+-------+----------------------
         Total | 100.0 | 100.0 |  -nan |  -nan | 100.0 |  27.5
       Dungeon | 100.0 | 100.0 |  -nan |  -nan | 100.0 |  27.5
               +-------+-------+-------+-------+-------+----------------------

Vanquished Creatures
  An adder (D:2)
  A worm (D:1)
  3 bats (D:1)
  A giant cockroach (D:1)
  5 hobgoblins
  A giant newt (D:2)
  6 goblins (D:1)
  3 kobolds (D:1)
  6 rats
27 creatures vanquished.

Notes
Turn   | Place    | Note
--------------------------------------------------------------
     0 | D:1      | gw the Halfling Warper began the quest for the Orb.
     0 | D:1      | Reached XP level 1. HP: 14/14 MP: 3/3
   474 | D:1      | Reached XP level 2. HP: 19/19 MP: 4/4
   478 | D:1      | Learned a level 2 spell: Blink
   675 | D:1      | Learned a level 2 spell: Shroud of Golubria
   872 | D:1      | Reached XP level 3. HP: 18/24 MP: 0/6
  1535 | D:2      | HP: 1/24 [poisoned by an adder]
  1537 | D:2      | Succumbed to an adder's poison

Action                   || total
-------------------------++-------
Melee: Short sword       ||   175
Throw: Tomahawk          ||     5
 Cast: Shroud of Golubri ||    12
  Use: Potion            ||     5
       Scroll            ||     4
 Stab: Sleeping          ||     1
  Eat: Chunk             ||     1

Vault maps used:
D:1:      nicolae_arrival_washed_ashore, minmay_misc_feat_four_crosses,
          serial_bayou_pond_b, kennysheep_doodads, minmay_strange_pillars
D:2:      minmay_rat_hole
